 Dungeon Crawl Stone Soup version 0.21-a0-193-g085b6a0 (webtiles) character file.

33390 kae the Severer (level 13, -3/123 HPs)
             Began as a Hill Orc Fighter on Aug 14, 2017.
             Was an Elder of Beogh.
             Slain by a manticore (6 damage)
             ... summoned by a worldbinder
             ... on level 1 of the Abyss.
             The game lasted 00:21:06 (16689 turns).

kae the Severer (Hill Orc Fighter)                 Turns: 16689, Time: 00:21:07

Health: -3/123     AC:  8    Str: 24      XL:     13   Next: 70%
Magic:  20/20      EV: 10    Int:  8      God:    Beogh [****..]
Gold:   1503       SH:  0    Dex:  9 (10) Spells: 12/12 levels left

rFire    + + .     SeeInvis +   M - +1 battleaxe (venom)
rCold    + . .     Gourm    .   (shield currently unavailable)
rNeg     . . .     Faith    .   b - +0 scale mail
rPois    +         Spirit   .   O - +1 hat {MR+}
rElec    +         Reflect  .   p - +0 cloak
rCorr    +         Harm     .   (no gloves)
MR       +....                  (no boots)
Stlth    ..........             (no amulet)
HPRegen  0.00/turn              N - ring of see invisible
MPRegen  0.17/turn              C - ring of poison resistance

@: confused, about to teleport, resistant, barbed spikes, very slightly
contaminated, non-regenerating, diseased, wreathed by umbra, drained
A: large bone plates 1, fire resistance 1, low mp 1, subdued magic 1, sturdy
frame 1
a: Smiting, Recall Orcish Followers, Renounce Religion


You were on level 1 of the Abyss.
You worshipped Beogh.
Beogh was greatly pleased with you.
You were not hungry.

You visited 3 branches of the dungeon, and saw 18 of its levels.
You visited the Abyss 1 time.

You collected 1562 gold pieces.
You spent 59 gold pieces at shops.

Inventory:

Hand Weapons
 a - a +0 war axe
 M - a +1 battleaxe of venom (weapon)
Armour
 b - a +0 scale mail (worn)
 p - a +0 cloak (worn)
 O - a +1 hat of magic resistance (worn)
Jewellery
 c - a +2 ring of strength {unknown}
 e - a +3 ring of protection
 w - an uncursed ring of protection from cold
 C - a ring of poison resistance (right hand)
 E - a +2 ring of protection
 H - an uncursed ring of flight
 N - a ring of see invisible (left hand)
 Q - an uncursed amulet of harm
 U - an uncursed ring of positive energy {unknown}
 W - an uncursed ring of protection from cold
Wands
 i - a wand of confusion (19/48)
 m - a wand of disintegration (12/24)
 q - a wand of random effects (25/48)
 s - a wand of flame (48/48)
 v - a wand of lightning (5/15)
 z - a wand of acid (6/15)
 A - a wand of digging (11/24)
 B - a wand of confusion (8/48)
 G - a wand of paralysis (16/24)
 I - a wand of flame (26/48)
 J - a wand of confusion (17/48)
 R - a wand of iceblast (10/15)
 S - a wand of disintegration (9/24)
 X - a wand of acid (6/15)
 Y - a wand of enslavement (8/24)
Scrolls
 g - 3 scrolls of enchant armour
 h - 6 scrolls of teleportation
 k - 3 scrolls of amnesia
 n - 5 scrolls of remove curse
Potions
 l - 2 potions of haste
 o - a potion of cancellation
 t - 3 potions of flight
 u - 4 potions of curing
 D - 2 potions of invisibility
 P - a potion of brilliance
 T - a potion of ambrosia
Books
 y - a book of Misfortune

   Spells                             Type                      Level
   a - Confusing Touch                Hexes                        1
   b - Confuse                        Hexes                        3
   c - Gell's Gravitas                Translocation                3
   d - Petrify                        Transmutation/Earth          4
   e - Metabolic Englaciation         Hexes/Ice                    5
   f - Yara's Violent Unravelling     Hexes/Transmutation          5
 K - a book of Spatial Translocations

   Spells                             Type                      Level
   a - Blink                          Translocation                2
   b - Shroud of Golubria             Charms/Translocation         2
   c - Lesser Beckoning               Translocation                3
   d - Gell's Gravitas                Translocation                3
   e - Teleport Other                 Translocation                3
   f - Passage of Golubria            Translocation                4
 L - a book of Minor Magic

   Spells                             Type                      Level
   a - Magic Dart                     Conjuration                  1
   b - Blink                          Translocation                2
   c - Call Imp                       Summoning                    2
   d - Slow                           Hexes                        2
   e - Conjure Flame                  Conjuration/Fire             3
   f - Mephitic Cloud                 Conjuration/Poison/Air       3
Comestibles
 f - 16 bread rations
 F - 5 meat rations
 V - 11 fruits
 Z - 3 chunks of flesh


   Skills:
 + Level 13.9(13.1) Fighting
 * Level 20.2(19.2) Axes
 - Level 3.2(2.6) Armour
   Level 3.2(2.6) Shields
 + Level 13.2(12.4) Invocations


You had 12 spell levels left.
You didn't know any spells.

Dungeon Overview and Level Annotations

Branches:
Dungeon (10/15)            Temple (0/1) D:6            Lair (6/6) D:10
  Swamp (0/4) Lair:2        Snake (0/4) Lair:4        Slime (0/5) Lair:6
    Orc (2/2) D:9
    Elf: Orc:2

Altars:
Gozag
Okawaru
The Shining One
Beogh
Jiyva

Shops:
D:5 !=   D:10 *

Annotations:
Lair:6 1 runed door


Innate Abilities, Weirdness & Mutations

You are partially covered in large bone plates. (SH +4)
Your flesh is heat resistant. (rF+)
Your magical capacity is low. (-10% MP)
Your spells are a little easier to cast, but a little less powerful.
Your movements are slightly less encumbered by armour. (ER -2)


Message History

* * * LOW HITPOINT WARNING * * *
The ynoxinul hits you but does no damage.
The worldbinder hits you but does no damage.
The worldbinder hits you.
* * * LOW HITPOINT WARNING * * *
The manticore bites you.
* * * LOW HITPOINT WARNING * * *
The manticore claws you.
* * * LOW HITPOINT WARNING * * *
The manticore claws you but does no damage.
The ynoxinul hits you.
* * * LOW HITPOINT WARNING * * *
The quasit barely misses you. The quasit claws you.
* * * LOW HITPOINT WARNING * * *
You feel clumsy.
The quasit claws you but does no damage.
The worldbinder hits you but does no damage. x2
The manticore bites you but does no damage.
The manticore claws you.
You die...

. ..... #.. ...
.......... ...# ... ....
....## ##.## ##A## .....
#...###x..###...
.....##X...#.W.. #.. . #
........H....2WA........
.........A.#.....#.. ..#
......HHx.###...###... #
.......@5## ## ## #.##
........3.# #...### .2##
...........#.3 .#.....#
....3##...... . .... ...
..... #....#.....#.....#
.... ....###...###...##
... ...## #. # .### ...
.... 3. ..


You could see a profane servitor, 3 manticores, a large abomination, a
worldbinder, a neqoxec, a ynoxinul, a wraith, a small abomination and a quasit.

Vanquished Creatures
  Gastronok (Lair:2)
  A hydra (Lair:2)
  The ghost of p0werm0de the Destroyer, a journeyman DsAE of Uskayaw (Lair:3)
  2 two-headed ogres (D:8)
  A deep elf mage (D:10)
  An elephant (Lair:4)
  An ugly thing (D:10)
  The ghost of anything the Covert, a novice OpAs of Cheibriados (D:6)
  8 spiny frogs
  4 rime drakes
  3 komodo dragons
  A tengu conjurer (D:10)
  An ancient zyme (Abyss:1)
  2 trolls
  A hornet (D:10)
  A polar bear (Lair:6)
  5 hippogriffs
  10 blink frogs
  Prince Ribbit (D:6)
  4 dream sheep (Lair:3)
  A wyvern (Lair:6)
  A spriggan (D:7)
  A wraith (D:10)
  A basilisk (Lair:2)
  22 yaks
  A hungry ghost (D:6)
  2 wargs (Orc:2)
  A small abomination (Abyss:1)
  2 nagas
  An insubstantial wisp (Lair:2)
  11 water moccasins
  9 porcupines
  7 ice beasts
  A swamp drake (D:10)
  2 black bears
  2 sky beasts
  4 orc warriors
  4 phantoms
  6 ogres
  2 centaurs
  4 wolves
  4 crocodiles
  11 bullfrogs
  3 killer bees (D:5)
  A wight (D:10)
  An electric eel (Lair:4)
  7 crimson imps
  3 howler monkeys
  2 bullfrog zombies
  A centaur zombie (D:6)
  4 jellies
  2 quasits
  5 orc priests
  5 hounds
  10 orc wizards
  2 centaur skeletons
  An iron imp (D:10)
  Jessica (D:2)
  2 iguanas
  3 worker ants
  A hound zombie (D:9)
  2 hound skeletons
  2 howler monkey zombies (D:9)
  4 worker ant zombies
  Robin (D:2)
  6 adders
  7 gnolls
  A hound simulacrum (D:10)
  4 shadow imps
  A white imp (D:4)
  2 adder zombies
  An adder skeleton (D:3)
  3 worms (D:2)
  3 dart slugs
  5 leopard geckos
  40 orcs
  6 bats
  3 giant cockroaches
  14 goblins
  10 hobgoblins
  6 jackals
  7 quokkas
  A ball python (D:5)
  A frilled lizard (D:2)
  2 goblin skeletons (D:4)
  4 goblin zombies (D:4)
  A hobgoblin zombie (D:4)
  3 kobolds
  2 kobold skeletons (D:4)
  2 orc skeletons (D:4)
  8 rats
  A plant (Lair:6)
357 creatures vanquished.

Vanquished Creatures (collateral kills)
  2 hydras
  A two-headed ogre (D:10)
  A deep elf mage (D:10)
  An orc sorcerer (Orc:2)
  2 elephants (Lair:4)
  4 black mambas
  2 spiny frogs (Lair:6)
  A rime drake (Lair:5)
  2 komodo dragons (Lair:6)
  5 blink frogs
  2 hippogriffs (Lair:1)
  A dream sheep (Lair:3)
  5 yaks
  A basilisk (Lair:1)
  An insubstantial wisp (Lair:2)
  A warg (Orc:2)
  2 water moccasins
  A porcupine (Lair:5)
  An ogre (Orc:2)
  2 wolves (Lair:6)
  A centaur (D:10)
  7 crocodiles
  4 bullfrogs
  A killer bee (D:10)
  3 orc wizards (Orc:2)
  A worker ant (D:10)
  An adder (Lair:1)
  A shadow imp (D:10)
  A white imp (D:10)
  2 orcs (Orc:2)
  A bush (Lair:6)
  3 fungi
64 creatures vanquished.

Vanquished Creatures (others)
  A dream sheep (Lair:3)
  3 orc wizards
  22 orcs
  2 bushes (Lair:6)
  2 fungi (Lair:4)
  A plant (Lair:6)
31 creatures vanquished.

Grand Total: 452 creatures vanquished

Notes
Turn   | Place    | Note
-------+----------+-------------------------------------------
     0 | D:1      | kae the Hill Orc Fighter began the quest for the Orb.
     0 | D:1      | Reached XP level 1. HP: 19/19 MP: 1/1
    47 | D:1      | Reached skill level 3 in Axes
   119 | D:1      | Reached XP level 2. HP: 26/27 MP: 2/2
   604 | D:2      | Reached skill level 4 in Axes
   609 | D:2      | Reached XP level 3. HP: 33/33 MP: 3/3
   634 | D:2      | Noticed Robin
   643 | D:2      | Killed Robin
   648 | D:2      | Reached XP level 4. HP: 35/40 MP: 4/4
   674 | D:2      | Reached skill level 5 in Axes
   764 | D:2      | HP: 2/61 [worm (3)]
  1067 | D:2      | Noticed Jessica
  1073 | D:2      | Killed Jessica
  1073 | D:2      | Reached XP level 5. HP: 33/47 MP: 5/5
  1115 | D:2      | Reached skill level 6 in Axes
  1275 | D:2      | Found an iron altar of Okawaru.
  1631 | D:3      | Noticed an ice beast
  1640 | D:3      | Killed an ice beast
  1640 | D:3      | Reached skill level 5 in Fighting
  1640 | D:3      | Reached skill level 7 in Axes
  1640 | D:3      | Reached XP level 6. HP: 56/56 MP: 6/6
  2278 | D:4      | Noticed a phantom
  2310 | D:4      | Found a glowing golden altar of the Shining One.
  2328 | D:4      | Killed a phantom
  2328 | D:4      | Reached skill level 8 in Axes
  2328 | D:4      | Reached XP level 7. HP: 56/62 MP: 7/7
  2733 | D:4      | Reached skill level 9 in Axes
  3006 | D:4      | Became a worshipper of Beogh the Brigand
  3019 | D:5      | Entered Level 5 of the Dungeon
  3058 | D:5      | Found Dische Refao's Distillery.
  3071 | D:5      | Bought a potion of curing for 33 gold pieces
  3116 | D:5      | Reached XP level 8. HP: 58/71 MP: 8/8
  3127 | D:5      | Reached skill level 10 in Axes
  3480 | D:5      | HP: 2/73 [poisoned by a killer bee]
  3487 | D:5      | Reached * piety under Beogh
  3492 | D:5      | Reached skill level 11 in Axes
  4105 | D:5      | Found Usir's Jewellery Boutique.
  4116 | D:5      | Reached skill level 1 in Invocations
  4119 | D:5      | Bought a cursed amulet of inaccuracy for 26 gold pieces
  4296 | D:6      | Noticed Prince Ribbit
  4303 | D:6      | Gained mutation: Your magical capacity is low. (-10% MP) [potion of mutation]
  4303 | D:6      | Gained mutation: Your movements are slightly less encumbered by armour. (ER -2) [potion of mutation]
  4303 | D:6      | Gained mutation: You are partially covered in large bone plates. (SH +4) [potion of mutation]
  4303 | D:6      | Gained mutation: Your flesh is heat resistant. (rF+) [potion of mutation]
  4305 | D:6      | Killed Prince Ribbit
  4735 | D:6      | Reached XP level 9. HP: 81/81 MP: 10/10
  4789 | D:6      | Noticed anything's ghost (novice OpAs)
  4824 | D:6      | Killed anything's ghost
  4824 | D:6      | Reached skill level 12 in Axes
  4831 | D:6      | Found a staircase to the Ecumenical Temple.
  5850 | D:7      | Reached ** piety under Beogh
  5864 | D:7      | Reached skill level 13 in Axes
  5864 | D:7      | Reached skill level 5 in Invocations
  6262 | D:7      | Reached XP level 10. HP: 82/91 MP: 9/13
  6515 | D:8      | Noticed a two-headed ogre
  6528 | D:8      | Killed a two-headed ogre
  6528 | D:8      | Reached skill level 14 in Axes
  7138 | D:8      | Reached skill level 10 in Fighting
  7336 | D:8      | Noticed a two-headed ogre
  7347 | D:8      | Killed a two-headed ogre
  7376 | D:9      | Found a staircase to the Orcish Mines.
  7670 | D:9      | Reached *** piety under Beogh
  7714 | D:9      | Reached skill level 15 in Axes
  7994 | D:9      | Reached XP level 11. HP: 91/101 MP: 15/15
  8024 | D:9      | Found an opulent altar of Gozag.
  8153 | D:10     | Entered Level 10 of the Dungeon
  8188 | D:10     | Found Xisk's General Store.
  8288 | D:10     | Paralysed by a hornet for 2 turns
  8303 | D:10     | Noticed a cyan ugly thing
  8312 | D:10     | Killed a cyan ugly thing
  8441 | D:10     | Reached skill level 16 in Axes
  8631 | D:10     | Found a staircase to the Lair.
  8844 | D:10     | Noticed a two-headed ogre
  8851 | D:10     | Killed a two-headed ogre
  8869 | D:10     | Noticed a deep elf mage
  8894 | D:10     | Killed a deep elf mage
  9202 | D:10     | Noticed a deep elf mage
  9214 | D:10     | Killed a deep elf mage
  9505 | Lair:1   | Entered Level 1 of the Lair of Beasts
  9588 | Lair:1   | Reached skill level 17 in Axes
  9623 | Lair:1   | Reached skill level 10 in Invocations
  9678 | Lair:1   | Reached **** piety under Beogh
  9678 | Lair:1   | Gained Wargrak as an ally
  9931 | Lair:1   | Reached XP level 12. HP: 92/112 MP: 17/17
 10674 | Lair:2   | Noticed Gastronok
 10686 | Lair:2   | Killed Gastronok
 11076 | Lair:2   | Found a staircase to the Swamp.
 11082 | Lair:2   | Reached skill level 18 in Axes
 11988 | Lair:3   | Noticed p0werm0de's ghost (journeyman DsAE)
 11995 | Lair:2   | Noticed a four-headed hydra
 11998 | Lair:2   | Killed a four-headed hydra
 12211 | Lair:3   | Killed p0werm0de's ghost
 12369 | Lair:3   | Found the +3 hat of Pondering {ponderous, MR+ MP+10 Int+5}
 13051 | Lair:4   | Noticed Urug
 13151 | Lair:4   | Found a staircase to the Snake Pit.
 13170 | Lair:4   | Reached XP level 13. HP: 102/122 MP: 19/19
 13181 | Lair:4   | Reached skill level 19 in Axes
 14562 | Lair:6   | Entered Level 6 of the Lair of Beasts
 15576 | Lair:6   | Reached skill level 20 in Axes
 15719 | Lair:6   | Found a runed door.
 15719 | Lair:6   | Found a viscous altar of Jiyva.
 15719 | Lair:6   | Found a staircase to the Slime Pits.
 15719 | Lair:6   | Noticed an azure jelly
 15719 | Lair:6   | Noticed an azure jelly
 16241 | Orc:1    | Entered Level 1 of the Orcish Mines
 16423 | Orc:2    | Entered Level 2 of the Orcish Mines
 16423 | Orc:2    | Found a roughly hewn altar of Beogh.
 16604 | Orc:2    | Cast into level 1 of the Abyss (orc warrior)
 16648 | Abyss:1  | Noticed a green death
 16678 | Abyss:1  | Noticed a profane servitor
 16685 | Abyss:1  | Gained mutation: Your spells are a little easier to cast, but a little less powerful. [a neqoxec]
 16689 | Abyss:1  | HP: 5/123 [manticore[a worldbinder] (3)]
 16689 | Abyss:1  | Slain by a manticore

Vault maps used:
D:1:      minmay_arrival_four_circles, minmay_shallow_snake_nest
D:2:      first_bread, okawaru_metal_pillars_1_2, uniq_robin, uniq_jessica
D:4:      nicolae_tso_besieged_by_evil
D:5:      serial_shops, shop, shop
D:6:      minmay_temple_entry_trees, uniq_prince_ribbit1
D:7:      hex_large, the_bakery
D:9:      kennysheep_mini, orc_0_dummy
D:10:     minmay_ornate_pinched, serial_shops, nicolae_shop_behind_doors,
          hangedman_minor_magic
Lair:2:   minmay_swamp_entry_wisps, uniq_gastronok
Lair:3:   grunt_megastairs_2
Lair:4:   guppyfry_snake_entry_garden, nicolae_quartered_pool_little, uniq_urug
Lair:5:   st_stairs_8, lemuel_fruit_tree, grunt_megastairs_1
Lair:6:   due_jungle_book, slime_altar_2, minmay_hedge_maze
Orc:2:    st_orc_town, basic_altar

Skill      XL: |  1  2  3  4  5  6  7  8  9 10 11 12 13 |
---------------+----------------------------------------+-----
Axes           | 3 4 5 7 8 9 11 13 15 17 18 20 | 20.2
Fighting       | 4 5 6 8 9 10 11 13 | 13.9
Invocations    | 2 6 8 10 12 13 | 13.2
Armour         | |  3.2
Shields        | |  3.2

Action                   |  1- 3 |  4- 6 |  7- 9 | 10-12 | 13-15 || total
-------------------------+-------+-------+-------+-------+-------++-------
Melee: War axe           |    77 |   121 |   393 |   337 |       ||   928
       Battleaxe         |       |       |       |   234 |   161 ||   395
Invok: Convert to Beogh  |       |       |     1 |       |       ||     1
       Smiting           |       |       |     1 |    20 |     3 ||    24
       Recall Orcish Fol |       |       |       |       |     1 ||     1
  Use: Potion            |     1 |     1 |     5 |     2 |     3 ||    12
       Scroll            |       |     8 |     1 |    15 |     6 ||    30
 Stab: Distracted        |       |       |       |     2 |       ||     2
       Paralysed         |       |       |       |     2 |       ||     2
  Eat: Chunk             |       |     5 |    10 |    20 |    10 ||    45
       Royal jelly       |       |       |     2 |     1 |       ||     3
       Fruit             |       |       |       |       |     1 ||     1
Armor: Scale mail        |    47 |    55 |   141 |   186 |    52 ||   481
       Skin              |       |       |       |     8 |       ||     8
Dodge: Dodged            |    27 |    23 |   107 |   124 |    72 ||   353
Block: Shield            |    35 |    55 |   183 |   184 |       ||   457
       Other             |       |       |       |    32 |    18 ||    50
